 Dungeon Crawl Stone Soup version 0.29-a0-789-g7a8fcbc185 (webtiles) character file.

Game seed: 7036211731100977082

476 kevlar127 the Ruffian (level 6, -2/63 HPs)
             Began as a Troll Berserker on July 2, 2022.
             Was a Priest of Trog.
             Slain by a gnoll
             ... wielding a +0 halberd
             ... led by a bouda
              (6 damage)
             ... on level 4 of the Dungeon.
             The game lasted 00:10:53 (3229 turns).

kevlar127 the Ruffian (Troll Berserker)             Turns: 3229, Time: 00:10:54

Health: -2/63      AC:  7    Str: 28    XL:     6   Next: 85%
Magic:  5/5        EV: 10    Int:  3    God:    Trog [***...]
Gold:   127        SH:  0    Dex:  9    Spells: 5/5 levels left

rFire   . . .      SeeInvis .     - Unarmed
rCold   . . .      Faith    .   (no shield)
rNeg    . . .      Spirit   .   x - +2 robe of the Lobster {Stlth+}
rPois   .          Reflect  .   (helmet restricted)
rElec   .          Harm     .   r - +0 cloak
rCorr   .          Rampage  .   (gloves unavailable)
Will    ++...                   (boots unavailable)
Stlth   ++........              (no amulet)
HPRegen 2.00/turn               (no ring)
MPRegen 0.09/turn               (no ring)

@: strong-willed, regenerating
A: large, unfitting armour, claws 3, regeneration 1, shaggy fur 1, tough skin 1
a: Renounce Religion, Berserk, Trog's Hand


You were on level 4 of the Dungeon.
You worshipped Trog.
Trog was most pleased with you.
You visited 1 branch of the dungeon, and saw 4 of its levels.
You also visited: Sewer.

You collected 127 gold pieces.

Inventory:

Missiles
 d - 39 stones (quivered)
 m - 3 curare-tipped darts
 s - 23 poisoned darts
Armour
 a - a +0 animal skin
 r - a +0 cloak (worn)
 x - the +2 robe of the Lobster (worn) {Stlth+}
   (You found it in a sewer)

   Stlth:     It makes you more stealthy.
Wands
 l - a wand of roots (5)
Scrolls
 b - a scroll of amnesia {unknown}
 e - 4 scrolls of identify {unknown}
 g - a scroll of magic mapping {unknown}
 i - a scroll of fear {unknown}
 k - 4 scrolls of teleportation {unknown}
 p - 2 scrolls of enchant armour {unknown}
 q - 4 scrolls of blinking {unknown}
 y - 2 scrolls of enchant weapon {unknown}
 z - a scroll of torment {unknown}
Potions
 c - 2 potions of might {unknown}
 f - 5 potions of heal wounds {unknown}
 h - a potion of ambrosia {unknown}
 j - 2 potions of brilliance {unknown}
 n - 3 potions of resistance {unknown}
 o - 2 potions of curing {unknown}
 t - 2 potions of mutation {unknown}
 u - 3 potions of haste {unknown}
 v - 2 potions of invisibility {unknown}
 w - a potion of cancellation {unknown}


   Skills:
 * Level 4.4 Fighting
 + Level 2.3 Throwing
 - Level 3.0 Dodging
 * Level 5.3 Unarmed Combat


You had 5 spell levels left.
You didn't know any spells.
Your spell library was empty.

Dungeon Overview and Level Annotations

Branches:
Dungeon (4/15)             Temple (0/1) D:4           Sewer (visited)

Altars:

Shops:
D:4 *


Innate Abilities, Weirdness & Mutations

You are too large for most types of armour.
You have claws for hands.
Your natural rate of healing is unusually fast.
You are covered in fur. (AC +1)
You have tough skin. (AC +1)


Message History

* * * LOW HITPOINT WARNING * * *
The gnoll barely misses you. x2
You closely miss the gnoll.
The gnoll is no longer moving quickly.
The gnoll hits you but does no damage. The gnoll barely misses you.
You mangle the gnoll!!
You kill the gnoll!
Trog accepts your kill.
The gnoll hits you from afar with a +0 halberd.
* * * LOW HITPOINT WARNING * * *
The gnoll closely misses you.
The gnoll hits you from afar with a +0 spear.
* * * LOW HITPOINT WARNING * * *
Things that are here:
a +0 halberd; a gnoll corpse You barely miss the gnoll.
The gnoll hits you with a +0 halberd.
* * * LOW HITPOINT WARNING * * *
The gnoll hits you but does no damage.
You scratch the gnoll but do no damage.
A gnoll comes into view. It is wielding a +0 spear.
The gnoll hits you but does no damage. x2
The gnoll shouts!
You claw the gnoll!
The gnoll is severely wounded.
The gnoll hits you with a +0 halberd.
* * * LOW HITPOINT WARNING * * *
The gnoll barely misses you.
Unknown command.
You scratch the gnoll.
The gnoll is severely wounded.
The gnoll is no longer moving quickly. x2
The gnoll hits you with a +0 halberd.
* * * LOW HITPOINT WARNING * * *
The gnoll closely misses you.
You barely miss the gnoll.
The gnoll is severely wounded.
The gnoll hits you with a +0 halberd!
* * * LOW HITPOINT WARNING * * *
The gnoll attacks as you move away! The gnoll closely misses you.
The gnoll hits you from afar with a +0 halberd.
You die...

#.### #
#...#
#g#####.###
#g.).##.#
####.##.#
#g##.#
#g##.#
#g##.#
#.)@.#
######


You could see a gnoll.

Vanquished Creatures
  2 kobold brigands (Sewer)
  2 hounds
  A bouda (D:4)
  An iguana (D:4)
  A gnoll (D:4)
  6 adders
  5 river rats (Sewer)
  2 worms (D:2)
  3 orcs (D:4)
  12 ball pythons
  5 bats
  3 endoplasms
  4 giant cockroaches
  4 goblins
  6 hobgoblins
  4 jackals (D:1)
  21 kobolds
  3 quokkas
  5 frilled lizards
  21 rats
111 creatures vanquished.

Notes
Turn   | Place    | Note
-------+----------+-------------------------------------------
     0 | D:1      | kevlar127 the Troll Berserker began the quest for the Orb.
     0 | D:1      | Reached XP level 1. HP: 22/22 MP: 0/0
   235 | D:1      | Reached XP level 2. HP: 29/29 MP: 1/1
   585 | D:1      | Found a faded altar of an unknown god.
   979 | D:2      | Found the +4 dagger "Morg" {pain, Will+ Int+5}
   995 | D:2      | Reached XP level 3. HP: 36/36 MP: 2/2
  1033 | D:2      | Reached ** piety under Trog
  1784 | D:3      | Reached XP level 4. HP: 42/45 MP: 3/3
  1812 | D:3      | Reached skill level 1 in Throwing
  1812 | D:3      | Reached skill level 4 in Unarmed Combat
  2283 | D:3      | Found a glowing drain.
  2288 | Sewer    | Entered a sewer
  2341 | Sewer    | Noticed a kobold brigand
  2347 | Sewer    | Killed a kobold brigand
  2348 | Sewer    | Reached XP level 5. HP: 52/54 MP: 4/4
  2427 | Sewer    | Reached *** piety under Trog
  2478 | Sewer    | Reached XP level 6. HP: 60/62 MP: 5/5
  2638 | Sewer    | Reached skill level 5 in Unarmed Combat
  2830 | Sewer    | Identified the +2 robe of the Lobster {Stlth+}
  3000 | D:4      | Found a staircase to the Ecumenical Temple.
  3079 | D:4      | Found Enogoi's Assorted Antiques.
  3228 | D:4      | HP: 2/63 [gnoll/+0 halberd[a bouda] (9)]
  3229 | D:4      | Slain by a gnoll

Illustrated notes

Levels and vault maps discovered:
D:1:      elethiomel_arrival_maze, layout_loops_corners,
          hellmonk_ecumenical_altar_heavens_door
D:2:      layout_loops_ring, serial_glass, glass_columns_b, glass_columns_b,
          minmay_curled_crystal, reono_crystal_passage, serial_park_tiny_2,
          minmay_misc_feat_more_columns, nrook_loot_triangle
D:3:      layout_loops_ring, portal_sewer_entry_e
D:4:      layout_basic, minmay_temple_entry_fiery, serial_shops,
          kennysheep_mini_moat, nicolae_shop_crystal

Skill      XL: |  1  2  3  4  5  6 |
---------------+-------------------+-----
Fighting       | 3 4 |  4.4
Throwing       | 1 2 |  2.3
Dodging        | 3 |  3.0
Unarmed Combat | 4 5 |  5.3

Action                   |  1- 3 |  4- 6 || total
-------------------------+-------+-------++-------
Melee: Unarmed           |   113 |   160 ||   273
       Punch             |     3 |     4 ||     7
Throw: Stone             |       |    11 ||    11
Invok: Trog's Hand       |       |     1 ||     1
 Stab: Sleeping          |       |     1 ||     1
Armor: Animal skin       |    33 |    49 ||    82
       Robe              |       |    17 ||    17
Dodge: Dodged            |    43 |   100 ||   143

Table legend: (Time is in decaauts)
 A = Elapsed time spent in this place.
 B = Non-inter-level travel time spent in this place.
 C = Inter-level travel time spent in this place.
 D = Time resting spent in this place.
 E = Time spent auto-exploring this place.
 F = Levels seen in this place.
 G = Mean time per level.
                   A        B        C        D        E       F      G
               +--------+--------+--------+--------+--------+-----+--------+
         Total |   3221 |   3142 |     79 |      0 |   2524 |   5 |  644.2 |
       Dungeon |   2639 |   2560 |     79 |      0 |   2160 |   4 |  659.8 |
         Sewer |    581 |    581 |      0 |      0 |    364 |   1 |  581.0 |
               +--------+--------+--------+--------+--------+-----+--------+

Top non-repeatable levels by time:
     D:1: 920 daAuts
     D:3: 769 daAuts
     D:2: 641 daAuts
   Sewer: 581 daAuts
     D:4: 307 daAuts
